Unix NetHack Version 3.7.0-90 Work-in-progress - last build Dec 3 2023 20:32:41 (e33b8c7efbf99322d2e85d301d47f1b6a39c1704,branch:master). Game began 2023-12-03 22:48:42, ended 2023-12-03 23:06:25. DoktorL, lawful female dwarven Valkyrie --------------------------------- |...............................| |.---------------.-----------...| |.-....| |(/..-.+ |(((.|...| |.|....| |(((.|.| |((=.-...| |.|....| |(((.|.| |.((.|...| |.------+--------.----------|...| |.............{....|....| |...| -.-----|----.......|.._.| |...|# |.|..|..| |.......|....| |....## |.|..|..| |..h...{|....| |...|# |.-|------+-.......--|-----+-...|# |..............G................|## |.----..----....-----|-|-----...|## |.+ |..| |....| ..|.. -...|# # ..| |..| .-....-. |..|..| |...|# #-.--.-- --- --------------------- -----########......| |<....| ------- DoktorL the Fighter St:17 Dx:12 Co:20 In:9 Wi:10 Ch:8 Lawful S:2611 Dlvl:7 $:49 HP:68(68) Pw:13(13) AC:-7 Xp:6/446 T:4647 Latest messages: You see here a partly eaten jackal corpse. There is a partly eaten jackal corpse here; eat it? [ynq] (n) You resume your meal. You stop eating the jackal corpse. Where do you want to travel to? (For instructions type a '?') The dwarf zombie hits! Where do you want to travel to? (For instructions type a '?') Where do you want to travel to? (For instructions type a '?') You hit the mountain nymph! The mountain nymph wakes up! The mountain nymph screams! The mountain nymph stole a wand of create monster. The mountain nymph vanishes and reappears close by. The mountain nymph zaps a wand of create monster! A bat suddenly appears close by! A bat suddenly appears close by! The mountain nymph zaps a wand of create monster! A housecat suddenly appears close by! The bat misses! You hear a nearby zap. A blue jelly suddenly appears close by! The bat misses! You hear a nearby zap. The bat misses! You hear a nearby zap. You hear a nearby zap. The bat misses! The bat just misses! The bat misses! The bat misses! The bat misses! The bat misses! The bat misses! The bat misses! The bat misses! You descend the stairs. You hit the iguana! The iguana misses! You hit the iguana. The iguana bites! You hit the iguana. You kill the iguana! This door is locked. This door is locked. # Really quit? [yn] (n) Do you want your possessions identified? [ynq] (y) Inventory: Coins $ - 49 gold pieces Amulets u - an uncursed amulet of guarding Weapons m - 22 +0 darts a - a blessed rusty +1 dwarvish spear (weapon in left hand) Armor P - a cursed +0 orcish helm B - an uncursed +0 pair of elven boots (being worn) c - an uncursed +3 small shield (being worn) J - an uncursed +0 mummy wrapping N - an uncursed +0 oilskin cloak (being worn) G - a blessed greased +2 gray dragon scale mail (being worn) Comestibles z - 3 uncursed food rations Scrolls h - a blessed scroll of charging Rings r - an uncursed ring of levitation A - a cursed ring of protection from shape changers w - an uncursed ring of teleport control Wands x - a wand of digging (0:3) b - a wand of speed monster (0:6) Tools t - an uncursed sack containing 16 items V - an uncursed blindfold l - a blessed oil lamp Contents of the sack: 358 gold pieces an uncursed scroll of light an uncursed scroll of remove curse an uncursed scroll of confuse monster a cursed scroll of confuse monster 2 uncursed scrolls of enchant weapon a cursed scroll of enchant weapon 4 uncursed scrolls of identify an uncursed scroll of amnesia an uncursed scroll of enchant armor an uncursed potion of oil a blessed potion of healing an uncursed potion of healing an uncursed potion of gain level a blessed potion of gain level an uncursed potion of booze DoktorL the Valkyrie's attributes: Background: You were a Fighter, a level 6 dwarven Valkyrie. You were lawful, on a mission for Tyr who was opposed by Odin (neutral) and Loki (chaotic). You were in the Gnomish Mines, on level 7. You entered the dungeon 4647 turns ago. It was nighttime. You had 446 experience points, 194 more were needed to attain level 7. Your score was 2611 before end-of-game adjustments. Basics: You had all 68 hit points. You had all 13 energy points (spell power). Your armor class was -7. Your wallet contained 49 zorkmids, and you had 358 more stashed away in your pack. Autopickup was on for '$"?!/=' plus thrown, with exceptions. Final Characteristics: Your strength was 17 (limit:18/100). Your dexterity was 12 (limit:20). Your constitution was 20 (limit:20). Your intelligence was 9 (limit:16). Your wisdom was 10 (limit:16). Your charisma was 8 (limit:16). Final Status: You weren't hungry. You were unencumbered. You were wielding a spear. You were skilled in spear. Final Attributes: You were piously aligned. You were magic-protected. You were cold resistant. You were poison resistant. You had infravision. You were stealthy. You were guarded. You survived. Miscellaneous: You disabled loading of bones levels. Total elapsed playing time was 16 minutes and 42 seconds. Major events: Turn 1: DoktorL the lawful dwarven Valkyrie entered the dungeon 600: entered the Gnomish Mines 1168: attained the rank of Skirmisher (level 3) 1859: reached Mine Town 2091: made her first wish - "holy greased +2 gray dragon scale mail", got "a greased gray dragon scale mail" 4045: attained the rank of Fighter (level 6) 4647: quit Vanquished creatures: a crocodile a giant beetle a wolf a bugbear an imp a rock mole 2 ponies a gnome leader a kobold mummy 3 giant ants a kobold leader 2 kobold shamans a rothe a rabid rat an orc zombie a dwarf zombie a wererat a werejackal 4 iguanas 4 acid blobs 4 manes a hobgoblin 5 giant rats 5 cave spiders a brown mold 3 gnomes 6 geckos 8 jackals 2 foxes a kobold 2 goblins a sewer rat 8 grid bugs 2 lichens a kobold zombie 6 newts 86 creatures vanquished. No species were genocided or became extinct. Voluntary challenges: You read items or engraved 3 times. You never engraved Elbereth. You never had a pet. You never genocided any monsters. You never polymorphed an object. You never changed form. You used 1 wish. You did not wish for any artifacts. Achievements: You entered a shop. You entered the Gnomish Mines. You attained the rank of Skirmisher. You entered Minetown. You entered a temple. You attained the rank of Fighter. The Dungeons of Doom: levels 1 to 9 Level 1: A fountain, a grave. Level 2: A general store, a sink. Level 3: Stairs down to The Gnomish Mines. Level 4: Level 5: "VAULT" A fountain. Level 6: A general store. Level 7: Level 8: Many fountains. Level 9: The Gnomish Mines: levels 4 to 7 Level 4: Level 5: Level 6: Level 7: <- You were here. Some shops, a temple and an altar, some fountains. Farvel DoktorL the Valkyrie... You quit in The Gnomish Mines on dungeon level 7 with 2611 points, and 407 pieces of gold, after 4647 moves. You were level 6 with a maximum of 68 hit points when you quit.